Map: King's Cove LE

Players

liquidthermy (uThermal) - Winner!

  • Race: Terran Terran
  • League: Grandmaster
  • Spawn Location: 11:00

Namshar

  • Race: Zerg Zerg
  • League: Grandmaster
  • Spawn Location: 5:00

Event: 2019 Assembly Summer

VOD

Have the link to the VOD?

Description

Time

  • Played on: Aug. 1, 2019, 12:08 p.m.
  • Length: 3:42

All games in this series

Show
View Real Time Build Order
Export as new Build Order

liquidthermy Terran - Winner!

Build Orders:  

Get SALT Encoding   

  12  0:02  SCV  
  13  0:14  SCV  
  13  0:18  Supply Depot  
  14  0:26  SCV  
  15  0:40  Barracks  
  16  0:55  Barracks  
  16  0:56  SCV  
  16  1:08  SCV  
  16  1:10  Refinery  
  17  1:20  SCV  
  18  1:27  Marine  
  19  1:32  Orbital Command  
  19  1:35  Supply Depot  
  19  1:42  Marine  
  19  1:45  Marine  
  21  1:55  Bunker  
  21  2:03  Marine  
  21  2:06  Supply Depot  
  21  2:07  Marine  
  23  2:10  SCV  
  24  2:16  Bunker  
  24  2:20  Marine  
  25  2:31  Bunker  
  25  2:34  Marine  
  25  2:36  SCV  
  27  2:37  Factory  
  27  2:38  Marine  
  28  2:46  Supply Depot  
  28  2:52  Marine  
  28  2:56  Marine  
  29  2:59  SCV  
  29  3:10  Marine  
  29  3:12  SCV  
  31  3:14  Marine  
  30  3:22  Factory Reactor  
  30  3:24  Starport  
Show
View Real Time Build Order
Export as new Build Order

Namshar Zerg 

Build Orders: Hatch First 

Get SALT Encoding   

  12  0:00  Drone  
  13  0:12  Overlord  
  13  0:17  Drone  
  14  0:31  Drone x2  
  16  0:48  Hatchery  
  15  0:51  Drone  
  15  0:55  Drone  
  17  0:59  Drone  
  18  1:09  Extractor  
  17  1:13  Spawning Pool  
  17  1:17  Drone  
  17  1:20  Drone  
  18  1:28  Drone  
  19  1:39  Drone  
  20  1:49  Overlord  
  20  2:00  Queen  
  20  2:01  Zergling x4  
  26  2:12  Spine Crawler  
  26  2:14  Spine Crawler  
  20  2:32  Zergling x4  
  21  2:42  Zergling x2  
  16  3:00  Zergling x4  
  18  3:09  Zergling x4  
  17  3:22  Drone x3  
Tags
 
Add a new tag
Caveats
  • Supply blocks, unpowered buildings, or Contaminate may cause inaccurate times.
  • Supply counts are checked every 10 seconds.